 Dungeon Crawl Stone Soup version 0.25-a0-378-gd2ca0b7745 (webtiles) character file.

Game seed: 10518442139042152775, levelgen mode: deterministic

24 PentaManta the Insei (level 3, 28/28 HPs)
             Began as a Gnoll Transmuter on Jan 7, 2020.
             Got out of the dungeon alive.
             The game lasted 00:01:16 (618 turns).

PentaManta the Insei (Gnoll Transmuter)              Turns: 618, Time: 00:01:16

Health: 28/28      AC:  2    Str: 12    XL:     3   Next: 2%
Magic:  9/9        EV: 14    Int: 16    God:
Gold:   23         SH:  0    Dex: 15    Spells: 10/11 levels left

rFire    . . .     SeeInvis .     - Unarmed
rCold    . . .     Gourm    .   (no shield)
rNeg     . . .     Faith    .   b - +0 robe
rPois    .         Spirit   .   (no helmet)
rElec    .         Reflect  .   (no cloak)
rCorr    .         Harm     .   (no gloves)
MR       .....                  (no boots)
Stlth    ++........             (no amulet)
HPRegen  0.09/turn              (no ring)
MPRegen  0.11/turn              (no ring)

@: no status effects
A: distributed training, fangs 1, strong nose
a: no special abilities


You escaped.
You were not hungry.

You visited 1 branch of the dungeon, and saw 1 of its levels.

You collected 23 gold pieces.

Inventory:

Missiles
 a - 12 arrows
Armour
 b - a +0 robe (worn)
Scrolls
 c - 2 scrolls of remove curse {unknown}
 f - a scroll of teleportation {unknown}
 h - a scroll of identify {unknown}
Potions
 e - a potion of agility {unknown}
 g - a potion of degeneration {unknown}
 i - a potion of heal wounds {unknown}
Comestibles
 d - 2 rations


   Skills:
 + Level 2.5 Fighting
 + Level 0.5 Short Blades
 + Level 0.5 Long Blades
 + Level 0.5 Axes
 + Level 0.5 Maces & Flails
 + Level 0.5 Polearms
 + Level 0.5 Staves
 + Level 0.5 Slings
 + Level 0.5 Bows
 + Level 0.5 Crossbows
 + Level 0.5 Throwing
 + Level 0.5 Armour
 + Level 4.5 Dodging
 + Level 0.5 Stealth
 + Level 0.5 Shields
 + Level 6.5 Unarmed Combat
 + Level 4.9 Spellcasting
 + Level 0.4 Conjurations
 + Level 0.4 Hexes
 + Level 0.4 Charms
 + Level 0.4 Summonings
 + Level 0.4 Necromancy
 + Level 0.4 Translocations
 + Level 3.7 Transmutations
 + Level 0.4 Fire Magic
 + Level 0.4 Ice Magic
 + Level 0.4 Air Magic
 + Level 0.4 Earth Magic
 + Level 0.4 Poison Magic
 + Level 0.7 Invocations
 + Level 0.5 Evocations


You had 10 spell levels left.
You knew the following spells:

 Your Spells              Type           Power        Failure   Level  Hunger
a - Beastly Appendage     Tmut           ###...       3%          1    None

Your spell library contained the following spells:

 Spells                   Type           Power        Failure   Level  Hunger
 Sticks to Snakes         Tmut           ###.....     4%          2    ##.....
 Spider Form              Tmut/Pois      ##........   21%         3    ###....
 Ice Form                 Ice/Tmut       ##......     54%         4    ####...
 Blade Hands              Tmut           ###.......   67%         5    ######.


Dungeon Overview and Level Annotations

Branches:
Dungeon (1/15)

Altars:


Innate Abilities, Weirdness & Mutations

Your experience applies equally to all skills.
You have very sharp teeth.
Your uncanny sense of smell can sniff out nearby items.


Message History

You have reached level 3!
Your experience leads to an increase in your attributes!
Increase (S)trength, (I)ntelligence, or (D)exterity?
You feel clever.
You see here a +0 whip.
c - 2 scrolls labeled FIRCHUEMYHA (gained 1)
You start resting.
Your transformation is almost over.
You start resting.
Your horns disappear.
You start resting.
Magic restored.
You start resting.
HP restored.
You enter the shallow water.
Moving in this stuff is going to be slow.
You see here a +0 club.
There is a staircase leading out of the dungeon here.
Are you sure you want to leave the Dungeon?
This will make you lose the game!
You have escaped!

.♣♣♣.♣♣
♣♣♣.♣ ♣♣
♣♣.♣♣♣
♣.♣ ♣
♣♣..♣♣♣
♣♣.♣
♣♣♣..♣
♣..♣
♣♣.♣
♣♣.♣♣
♣♣.♣♣
♣♣..♣♣
♣.♣♣
♣.♣..♣♣♣
≈♣ ♣♣.♣♣
♣......♣
≈≈ ♣.♣.♣
♣..@..♣♣
≈ ♣♣..♣
♣P...♣♣
♣♣♣P♣
♣♣♣♣♣♣
♣♣


There were no monsters in sight!

Vanquished Creatures
  3 dart slugs (D:1)
  4 bats (D:1)
  3 hobgoblins (D:1)
  4 kobolds (D:1)
  3 frilled lizards (D:1)
  A rat (D:1)
18 creatures vanquished.

Notes
Turn   | Place    | Note
-------+----------+-------------------------------------------
     0 | D:1      | PentaManta the Gnoll Transmuter began the quest for the
                  | Orb.
     0 | D:1      | Reached XP level 1. HP: 17/17 MP: 6/6
   113 | D:1      | Reached XP level 2. HP: 23/23 MP: 5/7
   340 | D:1      | Reached XP level 3. HP: 9/28 MP: 6/9
   618 | D:$      | Got out of the dungeon alive.

Levels and vault maps discovered:
D:1:      kilobyte_arrival_exit_the_forest, layout_loops_ring

Action                   || total
-------------------------++-------
Melee: Unarmed           ||    39
       Headbutt          ||     4
       Kick              ||     2
       Bite              ||     2
 Cast: Beastly Appendage ||    14
Armor: Robe              ||     5
Dodge: Dodged            ||    30

Table legend:
 A = Non-vault XP
 B = Vault XP
 C = Vault XP percentage of total XP
 D = Non-vault monster count
 E = Vault monster count
 F = Vault count percentage of total count
                 A         B        C        D         E       F
            +---------+---------+-------+---------+---------+-------
      Total |      35 |       0 |   0.0 |      18 |       0 |   0.0
            +---------+---------+-------+---------+---------+-------
        D:1 |      35 |       0 |   0.0 |      18 |       0 |   0.0
            +---------+---------+-------+---------+---------+-------
